 Dungeon Crawl Stone Soup version 0.25.1-2-g60ff931df9 (webtiles) character file.

Game seed: 7199096382839922273

263 DogServant the Changer (level 6, 0/64 HPs)
             Began as a Merfolk Transmuter on Oct 22, 2020.
             Slain by an orc
             ... wielding a +0 short sword
              (2 damage)
             ... on level 3 of the Dungeon.
             The game lasted 00:05:24 (3127 turns).

DogServant the Changer (Merfolk Transmuter)         Turns: 3127, Time: 00:05:25

Health: 0/64       AC:  3    Str: 10 (12) XL:     6   Next: 19%
Magic:  18/18      EV: 13    Int: 10 (13) God:
Gold:   118        SH:  0    Dex: 12 (14) Spells: 3/9 levels left

rFire    . . .     SeeInvis .     - Unarmed
rCold    . . .     Gourm    .   (no shield)
rNeg     . . .     Faith    .   b - +0 robe
rPois    .         Spirit   .   (no helmet)
rElec    .         Reflect  .   s - +0 cloak
rCorr    .         Harm     .   (no gloves)
MR       +....                  (no boots)
Stlth    ..........             v - amulet of regeneration
HPRegen  0.60/turn              l - ring of protection from magic
MPRegen  0.16/turn              h - ring of magical power

@: berserking, very slightly contaminated, hasted, invisible, very quick
A: change form in water, swift swim, stealthy swim
a: no special abilities


You were on level 3 of the Dungeon.
You were hungry.

You visited 1 branch of the dungeon, and saw 4 of its levels.

You collected 118 gold pieces.

Inventory:

Missiles
 a - 9 arrows
 f - 2 atropa-tipped darts (quivered)
Armour
 b - a +0 robe (worn)
 s - a +0 cloak (worn)
Jewellery
 c - an uncursed amulet of faith
 g - an uncursed ring of protection from fire
 h - a ring of magical power (right hand)
 l - a ring of protection from magic (left hand)
 u - an uncursed amulet of reflection
 v - an amulet of regeneration (around neck)
Scrolls
 e - a scroll of immolation {unknown}
 i - a scroll of blinking {unknown}
 j - 4 scrolls of remove curse {unknown}
 n - 3 scrolls of identify {unknown}
 o - a scroll of enchant weapon {unknown}
 q - a scroll of fear {unknown}
 w - a scroll of amnesia {unknown}
Potions
 p - a potion of degeneration
 t - a potion of curing
 z - a potion of mutation {unknown}
Comestibles
 d - 3 rations


   Skills:
 + Level 1.5 Fighting
 - Level 4.0 Dodging
 + Level 5.2 Unarmed Combat
 - Level 2.0 Spellcasting
 + Level 5.5 Transmutations
 - Level 1.0 Poison Magic


You had 3 spell levels left.
You knew the following spells:

 Your Spells              Type           Power        Failure   Level  Hunger
a - Beastly Appendage     Tmut           ##....       3%          1    ##.....
b - Sticks to Snakes      Tmut           ##......     4%          2    ###....
c - Spider Form           Tmut/Pois      #.........   24%         3    ####...

Your spell library contained the following spells:

 Spells                   Type           Power        Failure   Level  Hunger
 Blade Hands              Tmut           ##........   65%         5    ######.
 Ice Form                 Ice/Tmut       #.......     69%         4    #####..


Dungeon Overview and Level Annotations

Branches:
Dungeon (4/15)
 Temple: D:4-7

Altars:

Annotations:
D:4 2 exclusions


Message History

The orc barely misses you. The bat hits you but does no damage.
The orc barely misses you.
You catch the helpless orc completely off-guard!
You punch the orc!
You kill the orc!
The bat misses you. The quokka closely misses you.
You punch the orc priest!
The orc priest is heavily wounded.
The bat hits you.
* * * LOW HITPOINT WARNING * * *
The orc misses you.
You closely miss the orc priest.
The orc priest is heavily wounded.
The orc priest barely misses you.
You hit the orc priest.
The orc priest is severely wounded.
The bat hits you.
* * * LOW HITPOINT WARNING * * *
The orc misses you. The orc hits you with a +0 short sword.
You die...

#########
#...[.).#
#.......#
#..b....#
#or>....#
#@o..<..#
#oo.....##
#).......#
#.(.......
#.>.....#
#.......#
#########


You could see an orc priest, 3 orcs, a quokka and a bat.

Vanquished Creatures
  An ogre (D:4)
  An orc priest (D:3)
  Natasha (twice) (D:4)
  2 adders (D:4)
  2 oozes
  A worm (D:2)
  6 orcs
  6 bats
  2 giant cockroaches (D:1)
  9 goblins
  3 hobgoblins
  9 jackals
  9 kobolds
  A quokka (D:4)
  7 frilled lizards
  3 rats (D:1)
64 creatures vanquished.

Vanquished Creatures (others)
  An orc (D:3)
1 creature vanquished.

Grand Total: 65 creatures vanquished

Notes
Turn   | Place    | Note
-------+----------+-------------------------------------------
     0 | D:1      | DogServant the Merfolk Transmuter began the quest for the
                  | Orb.
     0 | D:1      | Reached XP level 1. HP: 15/15 MP: 3/3
   120 | D:1      | Reached XP level 2. HP: 20/21 MP: 3/5
   503 | D:1      | Reached XP level 3. HP: 13/26 MP: 6/6
  1591 | D:2      | Learned a level 2 spell: Sticks to Snakes
  1789 | D:2      | Reached XP level 4. HP: 29/32 MP: 7/7
  2250 | D:2      | You fall into a shaft and drop 2 floors!
  2286 | D:4      | Noticed a slave
  2375 | D:4      | Learned a level 3 spell: Spider Form
  2526 | D:4      | Noticed an ogre
  2541 | D:4      | Killed an ogre
  2541 | D:4      | Reached skill level 1 in Poison Magic
  2541 | D:4      | Reached XP level 5. HP: 36/37 MP: 8/8
  2742 | D:4      | Noticed Natasha
  2754 | D:4      | Killed Natasha
  2754 | D:4      | Reached skill level 5 in Transmutations
  2881 | D:4      | Noticed Natasha
  2899 | D:4      | Killed Natasha
  2899 | D:4      | Reached skill level 5 in Unarmed Combat
  3028 | D:4      | Noticed a slave
  3052 | D:4      | Reached XP level 6. HP: 38/43 MP: 9/9
  3122 | D:3      | HP: 2/64 [quokka (3)]
  3127 | D:3      | HP: 2/64 [bat (1)]
  3127 | D:3      | Slain by an orc

Illustrated notes

Levels and vault maps discovered:
D:1:      sevenhm_arrival_forest_fort_large_2, layout_basic
D:2:      layout_loops_cross, kennysheep_generic_room_13
D:3:      layout_rooms
D:4:      layout_loops_corners, first_ration, uniq_pikel, uniq_natasha

Skill      XL: |  1  2  3  4  5 |
---------------+----------------+-----
Dodging        | 3 4 |  4.0
Transmutations | 3 4 5 |  5.5
Unarmed Combat | 4 5 |  5.2
Poison Magic   | 1 |  1.0
Fighting       | |  1.5
Spellcasting   | |  2.0

Action                   |  1- 3 |  4- 6 || total
-------------------------+-------+-------++-------
Melee: Unarmed           |   154 |    87 ||   241
       Headbutt          |    15 |     9 ||    24
       Punch             |     2 |     3 ||     5
 Cast: Beastly Appendage |    25 |    11 ||    36
       Spider Form       |       |     3 ||     3
       Sticks to Snakes  |       |     3 ||     3
  Use: Potion            |       |     6 ||     6
 Stab: Sleeping          |     4 |       ||     4
       Invisible         |       |     1 ||     1
  Eat: Chunk             |     4 |     4 ||     8
Armor: Robe              |    18 |    13 ||    31
       Skin              |       |     2 ||     2
Dodge: Dodged            |    86 |   106 ||   192
